AoeStats
← Tyto Alba

Arabia

505607459Analyzed
1v1 RM · 22d ago on Sep 10, 2026· 20m 9s· 2 players
Game mode
Random Map
Map size
Tiny (2 player)
Population
200
Speed
Normal
Resources
Standard
Victory
Conquest
Starting age
Dark Age
Ending age
Imperial Age
RankedLock teamsTeams togetherTeam positionsShared explorationLock speedFull tech treeHidden civsTurbo modeCheats
Victory
Defeat
🇩🇪 Franks · Germany
1032
+15
🇳🇿 Spanish · New Zealand
1003
-15
Tyto Alba
7:23 Loom
9:40 Feudal Age
10:19 Double-Bit Axe
14:54 Gold Mining
18:50 Castle Age
19:28 Wheelbarrow
19:34 Scale Barding Armor
20:02 Bow Saw
21:11 Gold Shaft Mining
sweatypalms
6:20 Loom
9:29 Feudal Age
9:55 Double-Bit Axe
13:25 Horse Collar
20:14 Castle Age
18:37 Bloodlines
18:37 Gold Mining
19:35 Scale Barding Armor
19:58 Forging
20:14 Scale Mail Armor
Connection lost

Rejoining the realm…

Still unreachable

The connection could not be restored.

Session expired

The server has moved on; the page needs a fresh start.